 Dungeon Crawl Stone Soup version 0.26.0-11-g8f856b5395 (webtiles) character file.

Game seed: 1708715271291055346

98 jiml777 the Skirmisher (level 4, -3/37 HPs)
             Began as a Demonspawn Abyssal Knight on Jan 15, 2021.
             Was a Believer of Lugonu.
             Slain by a river rat (7 damage)
             ... in a sewer.
             The game lasted 00:08:19 (2133 turns).

jiml777 the Skirmisher (Demonspawn Abyssal Knight)  Turns: 2133, Time: 00:08:20

Health: -3/37      AC:  9    Str: 13    XL:     4   Next: 44%
Magic:  5/5        EV:  6    Int: 13    God:    Lugonu [**....]
Gold:   185        SH:  0    Dex: 13    Spells: 3/3 levels left

rFire    . . .     SeeInvis .   h - +1 mace (venom)
rCold    . . .     Faith    .   (no shield)
rNeg     + . .     Spirit   .   m - +0 chain mail
rPois    .         Reflect  .   (helmet restricted)
rElec    .         Harm     .   (no cloak)
rCorr    .         Rampage  .   l - +0 pair of gloves
Will     .....                  (no boots)
Stlth    ..........             (no amulet)
HPRegen  0.12/turn              e - ring of positive energy
MPRegen  0.09/turn              (no ring)

@: brilliant
A: antennae 1, claws 1, powered by pain 1
a: Renounce Religion, Depart the Abyss, Bend Space


You were in a sewer.
You worshipped Lugonu.
Lugonu was pleased with you.
You visited 1 branch of the dungeon, and saw 3 of its levels.
You visited the Abyss 1 time.
You also visited: Sewer.

You collected 185 gold pieces.

Inventory:

Hand Weapons
 a - a +1 hand axe
 h - a +1 mace of venom (weapon)
Missiles
 g - 20 stones
 k - 6 atropa-tipped darts
 n - 27 sling bullets
 q - 5 curare-tipped darts
 r - 15 bolts
Armour
 b - a +0 leather armour
 l - a +0 pair of gloves (worn)
 m - a +0 chain mail (worn)
Jewellery
 e - a ring of positive energy (left hand)
Scrolls
 d - 3 scrolls of remove curse {unknown}
 f - 8 scrolls of identify {unknown}
 i - 4 scrolls of magic mapping {unknown}
 o - 2 scrolls of teleportation {unknown}
 p - a scroll of amnesia {unknown}
 t - a scroll of enchant armour {unknown}
 u - a scroll of enchant weapon {unknown}
Potions
 c - a potion of brilliance
 j - a potion of curing {unknown}
 s - a potion of flight {unknown}


   Skills:
 + Level 3.9 Fighting
 + Level 2.0(2.3) Axes
 + Level 1.3(2.0) Maces & Flails
 + Level 2.3 Armour
 + Level 1.7 Dodging
 + Level 2.6 Invocations


You had 3 spell levels left.
You didn't know any spells.
Your spell library was empty.

Dungeon Overview and Level Annotations

Branches:
Dungeon (3/15)              Sewer (1/1)

Altars:
Ashenzari
Cheibriados
Gozag
Nemelex Xobeh
Qazlal
Sif Muna
Uskayaw


Innate Abilities, Weirdness & Mutations

You have a pair of small antennae on your head.
You have sharp fingernails.
You sometimes gain a little power by taking damage.


Message History

Your chain mail prevents you from hitting the river rat.
The river rat is severely wounded.
You kill the river rat!
Lugonu accepts your kill. The river rat barely misses you.
The rat bites you but does no damage.
You closely miss the rat.
The river rat bites you but does no damage.
The rat bites you but does no damage.
You barely miss the river rat. The river rat bites you!
* * * LOW HITPOINT WARNING * * *
The rat bites you but does no damage. The river rat barely misses you.
You hit the river rat.
The river rat is moderately wounded.
The rat bites you but does no damage. The river rat barely misses you.
It was a potion of brilliance.
You feel clever all of a sudden. The rat bites you.
* * * LOW HITPOINT WARNING * * *
The river rat bites you!
You die...

#.#
#.#
#.#
#.#
#.#
#∩#
#r#
#r#
#@#
#r#
#.#
#.#
###


You could see a river rat and 2 rats.

Vanquished Creatures
  An adder (D:2)
  A river rat (Sewer)
  3 worms
  3 leopard geckos
  3 orcs (D:3)
  A ball python (D:2)
  7 bats
  10 giant cockroaches
  6 goblins
  7 hobgoblins
  9 kobolds
  A quokka (D:3)
  7 rats
59 creatures vanquished.

Vanquished Creatures (others)
  A plant (D:3)
1 creature vanquished.

Grand Total: 60 creatures vanquished

Notes
Turn   | Place    | Note
-------+----------+-------------------------------------------
     0 | Abyss:1  | jiml777 the Demonspawn Abyssal Knight began the quest for
                  | the Orb.
     0 | Abyss:1  | Reached XP level 1. HP: 18/18 MP: 2/2
    48 | Abyss:1  | Found a corrupted altar of Lugonu.
    59 | D:1      | Escaped the Abyss
   287 | D:1      | Gained mutation: You have sharp fingernails. [demonic
                  | ancestry]
   287 | D:1      | Reached XP level 2. HP: 24/24 MP: 3/3
   348 | D:1      | Reached skill level 1 in Dodging
   928 | D:2      | Gained mutation: You have a pair of small antennae on your
                  | head. [demonic ancestry]
   928 | D:2      | Reached XP level 3. HP: 27/30 MP: 4/4
   953 | D:2      | Noticed a +0 dagger
   954 | D:2      | Noticed a +0 dagger
  1101 | D:2      | Reached ** piety under Lugonu
  1205 | D:2      | Found an opulent altar of Gozag.
  1290 | D:2      | Found a hide-covered altar of Uskayaw.
  1371 | D:2      | Found a snail-covered altar of Cheibriados.
  1373 | D:2      | Found a stormy altar of Qazlal.
  1377 | D:2      | Found a shimmering blue altar of Sif Muna.
  1382 | D:2      | Found a sparkling altar of Nemelex Xobeh.
  1383 | D:2      | Found a broken altar of Ashenzari.
  1977 | D:3      | Gained mutation: You sometimes gain a little power by
                  | taking damage. [demonic ancestry]
  1977 | D:3      | Reached XP level 4. HP: 31/37 MP: 5/5
  2084 | D:3      | Found a glowing drain.
  2087 | D:3      | Reached skill level 1 in Maces & Flails
  2117 | Sewer    | Entered a sewer
  2133 | Sewer    | Slain by a river rat

Illustrated notes

Levels and vault maps discovered:
D:1:      scummos_arrival_forest, layout_rooms, serial_bayou_crossing
D:2:      layout_rooms, nicolae_gozag_cash_rules_everything_around_me,
          dancing_weapons_uskayaw, minitemple, minmay_tripent
D:3:      layout_basic, gammafunk_temple_overflow_pools, gup_sewer_entry_pipe,
          nrook_uturn, serial_bayou_ford_a, uniq_crazy_yiuf_cottage,
          uniq_jessica
Sewer:    sewer_kobolds

Skill      XL: |  1  2  3  4 |
---------------+-------------+-----
Dodging        | 1 |  1.7
Axes           | 2 |  2.0
Armour         | 2 |  2.3
Maces & Flails | 1 |  1.3
Fighting       | |  3.9
Invocations    | |  2.6

Action                   |  1- 3 |  4- 6 || total
-------------------------+-------+-------++-------
Melee: Hand axe          |    35 |       ||    35
       Mace              |    92 |    51 ||   143
  Use: Potion            |       |     1 ||     1
Armor: Leather armour    |    34 |       ||    34
       Chain mail        |    39 |    34 ||    73
Dodge: Dodged            |    81 |    22 ||   103
